 Dungeon Crawl Stone Soup version 0.14-a0-1254-g249fea6 (webtiles) character file.

509856 PolkaDot the Imperceptible (level 24, -17/174 HPs)
             Began as a Vampire Enchanter on Dec 1, 2013.
             Was the Champion of Ashenzari.
             Killed by dispel undead
             ... invoked by a revenant
              (44 damage)
             ... on Level 4 of the Crypt on Dec 2, 2013.
             The game lasted 14:31:48 (88822 turns).

PolkaDot the Imperceptible (Vampire Enchanter)     Turns: 88822, Time: 14:31:48

HP -17/174       AC 19     Str  8      XL: 24   Next: 15%
MP  37/50        EV 38     Int 22      God: Ashenzari [******]
Gold 4305        SH 20     Dex 30      Spells: 14 memorised,  4 levels left

rFire  + + .     SeeInvis +     p - +9,+7 quick blade (stab) (curse)
rCold  + + +     Clarity  +     i - +0 leather armour of Striwod {rF+ rC+ Acc+5}
rNeg   + + +     Conserve +     f - +3 buckler {AC+3} (curse)
rPois  +         rCorr    .     z - +3 crown of Dyrovepreva {Hunger rElec Int+2 SInv}
rElec  +         rRot     +     x - +3 cloak of Flash {+Fly EV+4}
SustAb . .       Spirit   .     j - +0 pair of gloves of Night {rC+ Dex+3}
rMut   .         Warding  .     h - +2 pair of boots {Fly} (curse)
Saprov . . .     Stasis   .     r - cursed amulet of conservation
                                k - cursed ring of Midnight {rC+ MP+9 Str-1 Dex+4}
                                X - cursed ring of Etados {Fire Dex+3 Int+3 Acc+4}

@: non-regenerating, about to teleport, very slightly contaminated, bonded with
blade, hasted, very quick, very resistant to hostile enchantments, uncannily
stealthy
A: bottle blood, fangs 3, molten scales 1, see invisible, (screaming 0), (spit
poison 0), unbreathing
a: Bat Form, Bottle Blood, Scrying, Transfer Knowledge, Renounce Religion, Evoke
Flight
}: 2/15 runes: serpentine, barnacled


You were on level 4 of the Crypt.
You worshipped Ashenzari.
Ashenzari was exalted by your worship.
You were bloodless.

You visited 12 branches of the dungeon, and saw 64 of its levels.
You visited 2 bazaars.
You also visited: Labyrinth, Ossuary, Volcano and Wizlab.

You collected 9133 gold pieces.
You spent 4828 gold pieces at shops.

Inventory:

Hand weapons
 p - a cursed +9,+7 quick blade of stabbing (weapon)
Armour
 f - a cursed +3 buckler of protection (worn)
 h - a cursed +2 pair of boots of flying (worn)
 i - the cursed +0 leather armour of Striwod (worn) {rF+ rC+ Acc+5}
   (You found it in a labyrinth)

   It affects your accuracy (+5).
   It protects you from fire.
   It protects you from cold.
   It has a curse placed upon it.
 j - the cursed +0 pair of gloves of Night (worn) {rC+ Dex+3}
   (You found it on level 4 of the Vaults)

   It affects your dexterity (+3).
   It protects you from cold.
   It has a curse placed upon it.
 x - the cursed +3 cloak of Flash (worn) {+Fly EV+4}
   (You found it in a wizard's laboratory)

   It affects your evasion (+4).
   It lets you fly.
   It has a curse placed upon it.
 z - the cursed +3 crown of Dyrovepreva (worn) {Hunger rElec Int+2 SInv}
   (You found it on level 3 of the Elven Halls)

   It affects your intelligence (+2).
   It insulates you from electricity.
   It enhances your eyesight.
   It speeds your metabolism.
   It has a curse placed upon it.
Magical devices
 m - a wand of heal wounds (3)
Scrolls
 a - a scroll of enchant weapon II
 b - a scroll of curse armour
 t - 3 scrolls of fog
 v - a scroll of teleportation
 y - 3 scrolls of blinking
Jewellery
 k - the cursed ring of Midnight (right hand) {rC+ MP+9 Str-1 Dex+4}
   (You found it on level 1 of the Snake Pit)

   [ring of magical power]

   It affects your strength (-1).
   It affects your dexterity (+4).
   It protects you from cold.
   It has a curse placed upon it.
 r - a cursed amulet of conservation (around neck)
 X - the cursed ring of Etados (left hand) {Fire Dex+3 Int+3 Acc+4}
   (You found it on level 11 of the Dungeon)

   [ring of fire]

   It affects your intelligence (+3).
   It affects your dexterity (+3).
   It affects your accuracy (+4).
   It has a curse placed upon it.
Potions
 c - 13 potions of heal wounds
 d - a potion of cure mutation
 g - a potion of resistance
 n - a potion of magic
 o - 3 potions of might
 w - a potion of speed
 C - 6 potions of agility
 F - 10 potions of brilliance
 S - 23 potions of curing
 T - 3 potions of restore abilities


   Skills:
 - Level 10.8 Fighting
 - Level 14.6(18.6) Short Blades
 - Level 0.7 Throwing
 * Level 6.1 Armour
 + Level 16.1(20.0) Dodging
 - Level 24.1(27) Stealth
 - Level 5.4(8.4) Shields
 - Level 13.3 Spellcasting
 - Level 23.8(27) Hexes
 - Level 16.3(20.1) Charms
 - Level 5.0(9.4) Necromancy
 - Level 6.1(10.6) Translocations
 - Level 8.5(12.9) Transmutations
 - Level 12.8(16.9) Ice Magic
 - Level 2.5(6.1) Earth Magic
 - Level 8.4(12.8) Evocations


You had 4 spell levels left.
You knew the following spells:

 Your Spells              Type           Power        Failure   Level  Hunger
a - Corona                Hex            #######      0%          1    None
b - Sure Blade            Hex/Chrm       #######...   0%          2    None
c - Confuse               Hex            #######.     0%          3    None
d - Ensorcelled Hibernat  Hex/Ice        ######       0%          2    None
e - Enslavement           Hex            #######.     0%          4    None
h - Haste                 Chrm           #######.     1%          6    #####..
i - Invisibility          Hex            #######.     1%          6    #####..
p - Passwall              Trmt/Erth      ######....   1%          3    None
q - Blink                 Tloc           N/A          1%          2    None
r - Regeneration          Chrm/Necr      ######....   1%          3    None
s - Silence               Hex/Air        ######....   1%          5    ##.....
A - Apportation           Tloc           ######....   1%          1    None
D - Dig                   Erth           #####...     4%          4    None
F - Flight                Chrm/Air       ######....   1%          3    None


Dungeon Overview and Level Annotations

Branches:
Dungeon (16/16)            Temple (1/1) D:6             Orc (4/4) D:12
    Elf (3/3) Orc:4          Lair (8/8) D:10         Shoals (5/5) Lair:6
  Snake (5/5) Lair:3        Slime (6/6) Lair:6       Vaults (5/5) D:15
  Blade (1/1) Vaults:3      Crypt (4/5) Vaults:3       Tomb (0/3) Crypt:2
    Zot (0/5) Depths:6     Depths (6/6) D:16

Altars:
Ashenzari
Cheibriados
Elyvilon
Fedhas
Kikubaaqudgha
Makhleb
Nemelex Xobeh
Okawaru
Sif Muna
Trog
Vehumet
Xom
Yredelemnul
Zin
the Shining One
Beogh
Jiyva

Shops:
D:4 *   D:7 [   D:8 }+/+/   D:12 [   Orc:1 *   Orc:3 }   Orc:4 (!}(   Elf:2 (
Snake:2 /   Snake:3 /   Vaults:1 [   Depths:5 *[!%

Portals:
Hell: Depths:1 Depths:2 Depths:3 Depths:4 Depths:5 Depths:6
Abyss: Depths:2 Depths:4 Depths:5
Pandemonium: Depths:3

Annotations:
D:11 exclusion: orange crystal statue
Lair:3 Gastronok
Slime:6 Royal Jelly
Crypt:1 Khufu
Crypt:2 Mennas
Depths:2 exclusion: orange crystal statue


Innate Abilities, Weirdness & Mutations

You do not heal naturally.
You can bottle blood from corpses.
You have razor-sharp teeth.*
You have supernaturally acute eyesight.
You can survive without breathing.*
You are partially covered in molten scales (AC +1).*
((You occasionally shout uncontrollably.))+ ((You can spit poison.))+


Message History

Casting: Sure Blade
Confirm with . or Enter, or press ? or * to list all spells.
Your bond becomes stronger.
You block the revenant's attack.
You hit the revenant. Your bite misses the revenant.
The revenant is lightly damaged.
You hit the revenant but do no damage.
The revenant is lightly damaged.
You hit the revenant but do no damage.
The revenant is lightly damaged.
You hit the revenant. You bite the revenant.
The revenant is lightly damaged.
The revenant casts a spell at you.
You convulse!
* * * LOW HITPOINT WARNING * * *
Read which item? (? for menu, Esc to quit)
As you read the scroll of teleportation, it crumbles to dust.
You feel strangely unstable. The revenant casts a spell at you.
You convulse!
You die...

..#V...#....##...##
..n#..##.....##...#*
....###..#....#....####
..........#..####...#.#
...........## *#...## ###
.####..#..,,** ##...## ##.#
.###*...# * ##L....###..## #..##
,..# ,** ##.##....#....##
....##...., ####@####..W.#{W§§###
..........,#...#######....#{§§§.#
..#....#....#....#....#....#§§..#
......#....#....#...^#....#....##
...............#....######....##
.....^##......#....## ##§...##
...#.####.........## ##/L..##
.....^.######....## ##W...##
......#.####....## ##....##


You could see a revenant.

Vanquished Creatures
  Sojobo (Crypt:3)
  Margery (Vaults:4)
  Lamia (Snake:2)
  5 golden dragons
  Xtahua (Crypt:3)
  Frederick (Blade)
  Nikola (Snake:2)
  The ghost of wojtek the Impregnable, a mighty MiFi of Makhleb (Elf:1)
  4 tentacled monstrosities
  A deep elf master archer (Elf:3)
  A deep elf blademaster (Elf:3)
  A titan (Depths:5)
  A lich (Depths:2)
  A kraken (Shoals:1)
  Polyphemus (Shoals:2)
  2 sphinxes (Crypt:2)
  3 tengu reavers
  Rupert (Vaults:2)
  Agnes (Blade)
  4 ancient champions
  Frances (Shoals:2)
  Kirke (Elf:1)
  4 acid blobs
  2 azure jellies
  A shadow dragon (Depths:6)
  Ilsuiw (Shoals:5)
  The ghost of runewalsh the Unseen, a mighty OpWz of Nemelex Xobeh (Orc:4)
  3 fire giants
  2 draconian knights
  4 orc warlords
  5 frost giants
  Donald (Snake:2)
  Wiglaf (Vaults:4)
  Maud (Depths:2)
  10 deep elf sorcerers
  The ghost of Gorice the Executioner, a powerful LOWn of Okawaru (D:16)
  An iron dragon (Depths:3)
  Aizul (Shoals:1)
  Louise (Shoals:1)
  A balrug (Depths:3)
  3 vault wardens
  Jorgrun (Depths:3)
  A draconian shifter (Depths:6)
  19 stone giants
  6 greater nagas
  6 vampire knights
  3 deep elf demonologists (Elf:3)
  7 deep elf annihilators (Elf:3)
  2 green draconians (Depths:6)
  A spectral tengu (Crypt:3)
  Azrael (Snake:3)
  5 dire elephants (Lair:8)
  An elemental wellspring (Depths:1)
  2 eidola
  A pale draconian (Depths:6)
  7 merfolk javelineers (Shoals:5)
  A black draconian (Depths:6)
  17 ettins
  A spectral sphinx (Crypt:2)
  3 vault guards
  A minotaur (Lab)
  6 deep elf death magi
  A mummy priest (Crypt:2)
  11 jiangshi
  A death ooze (Slime:4)
  4 merfolk impalers
  5 sirens
  24 yaktaur captains
  7 fire dragons
  7 deep elf high priests
  3 ironheart preservers
  2 ravenous feature mimics
  Harold (D:16)
  3 ice dragons
  A quicksilver dragon skeleton (Crypt:3)
  3 merfolk aquamancers (Shoals:5)
  2 ravenous item mimics
  3 great orbs of eyes
  An anaconda (shapeshifter) (Depths:2)
  Nessos (Snake:2)
  2 tengu warriors
  12 hydras
  12 death yaks
  10 deep troll earth magi
  2 deep dwarf death knights (Crypt:3)
  10 anacondas
  9 ogre magi
  4 deep troll shamans
  24 dancing weapons
  4 vampire magi
  26 centaur warriors
  2 titan zombies (Depths:4)
  6 very ugly things
  20 naga warriors
  3 plague shamblers
  12 hell knights
  2 orc high priests
  2 rakshasas
  2 sun demons
  2 spectral elves (Elf:3)
  2 fire crabs
  A catoblepas (Shoals:2)
  3 wizards
  An ice devil (Depths:6)
  18 deep elf knights
  2 soul eaters (Crypt:2)
  3 iron trolls
  2 shadow wraiths
  A storm dragon skeleton (Depths:4)
  28 skeletal warriors
  2 unseen horrors (shapeshifter)
  21 harpies
  18 deep trolls
  6 giant amoebae
  3 unseen horrors
  An anaconda skeleton (WizLab)
  2 flayed ghosts
  6 ironbrand convokers
  18 sea snakes
  Erolcha (Orc:3)
  21 orc knights
  7 necromancers
  9 orc sorcerers
  11 hill giants
  A sphinx zombie (Vaults:2)
  A wolf spider zombie (Crypt:3)
  An oklob plant (D:14)
  A very ugly thing zombie (Crypt:2)
  11 deep elf conjurers
  5 stone giant zombies
  2 human zombies (Vaults:4)
  12 cyclopes
  A cyclops (shapeshifter) (Vaults:3)
  2 iron dragon skeletons
  A frost giant zombie (Vaults:3)
  A spiny worm (shapeshifter) (Depths:4)
  3 flaming corpses
  4 wolf spiders
  A shining eye (Slime:3)
  A fire giant zombie (Vaults:1)
  3 griffons
  4 stone giant skeletons
  A fire giant skeleton (Vaults:2)
  A red wasp (Vaults:1)
  4 octopodes
  5 guardian serpents
  An octopode (shapeshifter) (Depths:3)
  Maurice (Orc:2)
  21 elephants
  11 phantasmal warriors
  A titan simulacrum (Depths:4)
  3 frost giant skeletons
  A black mamba (shapeshifter) (Depths:3)
  3 spiny worms
  46 black mambas
  A queen ant (Lair:3)
  2 item mimics
  5 vault sentinels
  10 deep elf summoners
  59 yaktaurs
  7 spiny frogs
  2 feature mimics
  12 mermaids
  An efreet (WizLab)
  2 fire drakes (shapeshifter)
  A mermaid (shapeshifter) (Vaults:2)
  An iron troll zombie (Vaults:3)
  An elf (shapeshifter) (Depths:3)
  5 deep elf priests
  2 fire drakes
  7 komodo dragons
  7 guardian mummies (Crypt:2)
  A wind drake (shapeshifter) (Vaults:2)
  A hydra zombie (D:13)
  An ancient bear skeleton (Crypt:4)
  14 trolls
  3 tengu conjurers
  2 iron troll skeletons
  A siren zombie (Crypt:1)
  A baby alligator (shapeshifter) (Vaults:4)
  6 wandering mushrooms (Lair:1)
  Prince Ribbit (D:7)
  2 boulder beetles
  A jumping spider (shapeshifter) (Vaults:2)
  A silent spectre (Crypt:1)
  A raven (shapeshifter) (Depths:2)
  19 naga magi
  A polar bear (shapeshifter) (Vaults:3)
  24 two-headed ogres
  A red wasp zombie (Crypt:3)
  25 blink frogs
  A catoblepas skeleton (Crypt:4)
  2 minotaur skeletons
  A grizzly bear (Lair:6)
  13 snapping turtles
  49 slime creatures
  4 trapdoor spiders
  4 fire elementals (Snake:3)
  3 ettin skeletons
  21 water elementals
  47 yaks
  12 basilisks
  7 brown oozes
  10 shadows
  44 ugly things
  12 vampires
  23 sharks
  A wyvern (Lair:8)
  A black mamba skeleton (Crypt:4)
  4 neqoxecs
  31 deep elf magi
  40 merfolk
  3 hogs (Elf:1)
  10 wraiths
  An ugly thing skeleton (Vaults:4)
  A hill giant skeleton (D:14)
  19 hippogriffs
  12 vampire mosquitoes
  4 golden eyes (Slime:6)
  43 deep elf fighters
  A hippogriff (shapeshifter) (Depths:3)
  2 spatial vortices (WizLab)
  A steam dragon (D:14)
  42 wolves
  Edmund (D:7)
  4 hungry ghosts
  3 mottled dragons
  An ogre zombie (Vaults:2)
  2 raven zombies (Crypt:2)
  3 necrophages
  5 hell hounds
  8 manticores
  2 small abominations (WizLab)
  13 porcupines
  A deep troll skeleton (Vaults:2)
  A merfolk zombie (Crypt:3)
  A phantom (D:7)
  94 nagas
  3 deep dwarves
  14 soldier ants
  5 sky beasts
  2 black bears (shapeshifter)
  7 freezing wraiths
  An elephant zombie (Crypt:3)
  A snapping turtle zombie (Crypt:1)
  A black bear (D:9)
  2 yellow wasps
  48 ogres
  62 orc warriors
  A baby alligator skeleton (Crypt:2)
  An ice beast (D:8)
  9 giant goldfish
  A centaur (shapeshifter) (Vaults:4)
  2 big kobolds
  A lost soul (Crypt:2)
  8 tengu
  A hill giant simulacrum (Crypt:4)
  15 centaurs
  A rotting devil (WizLab)
  12 wargs
  7 brain worms
  9 crocodiles
  A giant slug zombie (D:16)
  9 giant slugs
  A brain worm (shapeshifter) (Depths:3)
  A mermaid skeleton (Crypt:2)
  2 cyclops zombies (D:14)
  13 giant frogs
  6 agate snails
  A cyclops skeleton (D:14)
  A yaktaur skeleton (Vaults:4)
  2 insubstantial wisps (WizLab)
  18 water moccasins
  3 eyes of draining
  2 giant goldfish zombies (D:9)
  8 killer bees
  13 wights
  A yak zombie (Crypt:2)
  12 jellyfish
  A pulsating lump (shapeshifter) (Depths:1)
  18 crimson imps
  A yak skeleton (D:9)
  An elf simulacrum (Depths:2)
  15 electric eels
  11 hounds
  A centaur skeleton (D:11)
  2 goliath beetles
  39 orc wizards
  A wolf skeleton (Crypt:1)
  20 jellies
  3 two-headed ogre zombies
  Crazy Yiuf (D:6)
  A giant frog zombie (D:6)
  28 orc priests
  2 quasits
  15 big fish
  10 iguanas
  An iron imp (WizLab)
  A giant frog skeleton (D:9)
  A yak simulacrum (D:15)
  A scorpion (D:14)
  A worker ant (shapeshifter) (Elf:3)
  49 worker ants
  2 troll simulacra (Depths:2)
  14 sheep
  Ijyb (D:2)
  A centaur simulacrum (Depths:2)
  2 big kobold skeletons
  A big kobold zombie (Ossuary)
  4 boggarts
  6 human simulacra (Depths:2)
  12 mummies
  43 adders
  47 green rats
  An ogre simulacrum (Depths:2)
  A swamp drake skeleton (Crypt:4)
  A white imp (WizLab)
  8 giant centipedes
  4 worms
  A giant mite (Lair:5)
  A scorpion zombie (D:9)
  An adder skeleton (D:4)
  An iguana zombie (D:5)
  6 giant eyeballs
  7 oozes
  216 orcs
  A ball python (D:3)
  3 bat skeletons
  5 giant cockroaches
  A giant mite zombie (Crypt:3)
  2 gnoll zombies
  18 hobgoblins
  26 kobolds
  6 quokkas
  28 bats
  6 giant geckos
  A giant gecko skeleton (D:9)
  2 giant newts
  A giant newt skeleton (D:4)
  A giant spore (D:7)
  19 goblins
  A hobgoblin skeleton (Crypt:3)
  2 hobgoblin zombies (Ossuary)
  27 jackals
  2 kobold zombies (Ossuary)
  An orc skeleton (D:3)
  2 orc zombies (Ossuary)
  17 rats
  23 ballistomycetes
  3 butterflies
  2 crawling corpses (Elf:1)
  6 plants
2716 creatures vanquished.

Vanquished Creatures (collateral kills)
  2 golden dragons (Depths:3)
  2 tentacled monstrosities
  A titan (Depths:3)
  A tengu reaver (Depths:6)
  A fire giant (Depths:6)
  An orc warlord (Depths:6)
  A vampire knight (Crypt:2)
  A vault guard (Depths:5)
  A great orb of eyes (Vaults:4)
  A minotaur (shapeshifter) (Depths:3)
  A jiangshi (Crypt:4)
  A hydra (Depths:3)
  A quicksilver dragon skeleton (Depths:4)
  2 deep troll earth magi
  3 deep troll shamans
  3 ogre magi
  A skeletal warrior (Crypt:2)
  2 deep elf knights (Depths:4)
  A giant orange brain (Depths:3)
  A giant orange brain (shapeshifter) (Depths:6)
  7 deep trolls
  A hill giant (Depths:3)
  A deep elf conjurer (Depths:1)
  A cyclops (Orc:4)
  2 orc sorcerers
  A vault sentinel (Vaults:4)
  2 deep elf summoners (Depths:4)
  3 yaktaurs
  2 two-headed ogres
  A wraith (Crypt:3)
  A deep elf fighter (Depths:4)
  3 deep elf magi (Depths:4)
  An ugly thing (Vaults:4)
  A shadow (Crypt:2)
  A chaos spawn (Vaults:2)
  A wolf (Depths:2)
  4 orc warriors
  6 ogres
  2 wargs (Depths:2)
  A glowing shapeshifter simulacrum (Depths:3)
  An orc priest (Vaults:2)
  A human simulacrum (Depths:2)
  9 orcs
  A goblin (Orc:4)
82 creatures vanquished.

Vanquished Creatures (others)
  A vault warden (Vaults:4)
  A hell knight (Vaults:4)
  A yaktaur (Depths:2)
  A troll (Orc:4)
  An elf (Depths:5)
  2 two-headed ogres (Orc:4)
  2 humans (Elf:1)
  A wolf (Depths:2)
  2 nagas (Snake:2)
  An ogre (Orc:4)
  A centaur (D:15)
  3 lost souls
  3 gnomes (Depths:5)
  A warg (Depths:3)
  A crimson imp (D:15)
  An orc priest (Orc:4)
  3 orc wizards
  A troll simulacrum (Depths:2)
  A human simulacrum (Depths:2)
  An ogre simulacrum (Depths:2)
  5 orcs
  A goblin (Orc:4)
  A quokka (D:2)
  3 giant spores (D:14)
  2 bushes
  1253 eldritch tentacle segments (WizLab)
  5 fungi
  5 plants
1304 creatures vanquished.

Grand Total: 4102 creatures vanquished

Notes
Turn   | Place    | Note
--------------------------------------------------------------
     0 | D:1      | PolkaDot, the Vampire Enchanter, began the quest for the Orb.
     0 | D:1      | Reached XP level 1. HP: 13/13 MP: 4/4
   132 | D:1      | Reached XP level 2. HP: 8/19 MP: 5/5
   902 | D:2      | Reached skill level 5 in Hexes
   902 | D:2      | Reached XP level 3. HP: 24/24 MP: 6/6
   959 | D:2      | HP: 1/24 [poisoned by an adder]
  1220 | D:2      | Noticed Ijyb
  1241 | D:1      | Learned a level 3 spell: Confuse
  1354 | D:2      | Reached XP level 4. HP: 30/30 MP: 8/8
  1566 | D:2      | Killed Ijyb
  1566 | D:2      | Reached skill level 6 in Hexes
  1757 | D:2      | You fall through a shaft !
  1816 | D:4      | Found a bloodstained altar of Trog.
  1845 | D:4      | Found Shrunegh's Assorted Antiques.
  1854 | D:4      | Bought a scroll labeled PLICWERASU for 24 gold pieces
  1854 | D:4      | Bought a scroll labeled WUGOUSEARY for 24 gold pieces
  2498 | D:3      | Reached XP level 5. HP: 35/35 MP: 9/9
  3209 | D:4      | Reached skill level 7 in Hexes
  3836 | D:4      | Reached XP level 6. HP: 41/41 MP: 7/11
  3886 | D:4      | Reached skill level 8 in Hexes
  3960 | D:5      | Entered Level 5 of the Dungeon
  3976 | D:5      | Noticed a necrophage
  4145 | D:4      | Killed a necrophage
  4420 | D:5      | Reached skill level 9 in Hexes
  4897 | D:5      | Learned a level 6 spell: Invisibility
  4932 | D:5      | Reached XP level 7. HP: 44/46 MP: 10/14
  5290 | D:5      | Reached skill level 5 in Stealth
  5561 | D:5      | Found a radiant altar of Vehumet.
  5861 | D:6      | Reached skill level 10 in Hexes
  6014 | D:6      | Found a staircase to the Ecumenical Temple.
  6025 | Temple   | Entered the Ecumenical Temple
  6277 | Temple   | Became a worshipper of Ashenzari the Shackled
  6396 | D:6      | Found a sand-covered staircase.
  6458 | Ossuary  | Entered an ossuary
  6533 | Ossuary  | Reached XP level 8. HP: 52/52 MP: 13/16
  6955 | D:6      | Reached skill level 11 in Hexes
  7114 | D:6      | Noticed Crazy Yiuf
  7118 | D:6      | Killed Crazy Yiuf
  7255 | D:7      | Reached skill level 5 in Short Blades
  7444 | D:7      | Reached skill level 12 in Hexes
  7507 | D:7      | Found Prir's Antique Armour Shop.
  7515 | D:7      | Bought a pair of runed elven gloves for 29 gold pieces
  7616 | D:7      | Noticed Prince Ribbit
  7654 | D:7      | Killed Prince Ribbit
  7796 | D:7      | Noticed Edmund
  7803 | D:7      | Reached XP level 9. HP: 57/57 MP: 11/18
  7848 | D:7      | Killed Edmund
  7865 | D:8      | Found Cligg's Gadget Emporium.
  7949 | D:8      | Reached skill level 13 in Hexes
  8045 | D:8      | Found Wuas' Book Boutique.
  8154 | D:8      | Found Jyant's Magical Wand Shop.
  8163 | D:8      | Bought a wand of paralysis (15) for 238 gold pieces
  8224 | D:8      | Found Kiate's Magical Wand Shop.
  8313 | D:8      | Bought a wand of teleportation (6) for 420 gold pieces
  8317 | D:8      | Learned a level 2 spell: Ensorcelled Hibernation
  8363 | D:8      | Found Pyaven's Book Shoppe.
  8626 | D:9      | Reached skill level 10 in Stealth
  8637 | D:9      | Reached skill level 14 in Hexes
  8660 | D:9      | Acquired Ashenzari's first power
  8828 | D:9      | Found a basalt altar of Yredelemnul.
  9150 | D:9      | Found a glowing silver altar of Zin.
  9452 | D:9      | Paralysed by a yellow wasp for 2 turns
  9455 | D:9      | Reached XP level 10. HP: 59/63 MP: 16/19
  9517 | D:10     | Entered Level 10 of the Dungeon
  9541 | D:10     | Identified a scroll of acquirement
  9844 | D:10     | Reached skill level 15 in Hexes
  9894 | D:10     | Found a staircase to the Lair.
 10198 | D:11     | Found a labyrinth entrance.
 10237 | Lab      | Entered a labyrinth
 10465 | Lab      | Noticed a minotaur
 10466 | Lab      | Identified the +7,+8 short sword "Foprekhi" {freeze, +Blink rPois rN+ MR++}
 10477 | Lab      | Killed a minotaur
 10482 | Lab      | Identified Uhao's Grimoire of the Glacial Escort
 10485 | Lab      | Identified the Collected Works on Orientation and Boosts
 10496 | Lab      | Got the uncursed leather armour of Striwod {rF+ rC+ Acc+5}
 10626 | D:11     | Identified the ring of Etados {Fire Dex+3 Int+3 Acc+4}
 10748 | D:11     | Noticed a giant amoeba
 10751 | D:11     | Noticed a siren
 10751 | D:11     | a giant amoeba changed into a siren
 10900 | D:11     | Killed a siren
 10900 | D:11     | Reached skill level 5 in Dodging
 10900 | D:11     | Reached skill level 16 in Hexes
 10924 | D:11     | Noticed a hill giant
 10932 | D:11     | Killed a hill giant
 11105 | D:11     | Noticed an eight-headed hydra
 11114 | D:11     | Killed an eight-headed hydra
 11114 | D:11     | Reached skill level 1 in Armour
 11114 | D:11     | Reached XP level 11. HP: 68/68 MP: 10/20
 11343 | D:11     | Acquired Ashenzari's second power
 11405 | D:12     | Found a staircase to the Orcish Mines.
 11628 | Lair:1   | Entered Level 1 of the Lair of Beasts
 12002 | Lair:1   | Reached skill level 17 in Hexes
 12089 | Lair:1   | Gained mutation: You can spit poison. [potion of mutation]
 12089 | Lair:1   | Gained mutation: You are partially covered in molten scales (AC +1). [potion of mutation]
 12089 | Lair:1   | Gained mutation: You are weak. (Str -2) [potion of mutation]
 12090 | Lair:1   | Identified the cursed +3,+1 falchion "Ceohol" {slice, MR++}
 12372 | Lair:1   | Identified the Incunabulum of Good Luck (You found it on level 1 of the Lair of Beasts)
 12513 | Lair:1   | Reached skill level 5 in Armour
 13068 | Lair:2   | Identified the +0 leather armour of Striwod {rF+ rC+ Acc+5} (You found it in a labyrinth)
 13197 | Lair:2   | Reached skill level 1 in Evocations
 13709 | Lair:2   | Reached XP level 12. HP: 74/74 MP: 12/21
 14299 | Lair:3   | Reached skill level 5 in Evocations
 14480 | Lair:3   | Found a staircase to the Snake Pit.
 14556 | Lair:3   | Reached skill level 18 in Hexes
 14778 | Lair:3   | Reached skill level 15 in Stealth
 14939 | Lair:3   | Noticed Gastronok
 15012 | Lair:2   | Learned a level 4 spell: Enslavement
 15071 | Lair:4   | Acquired Ashenzari's third power
 15731 | Lair:4   | Learned a level 2 spell: Sure Blade
 16313 | Lair:5   | Learned a level 2 spell: Blink
 16383 | Lair:5   | Reached skill level 5 in Spellcasting
 16662 | Lair:5   | Reached XP level 13. HP: 79/79 MP: 25/25
 17117 | Lair:6   | Found a staircase to the Shoals.
 17295 | Lair:6   | Found a staircase to the Slime Pits.
 17546 | Lair:6   | Reached skill level 19 in Hexes
 17927 | Lair:6   | Learned a level 3 spell: Flight
 18156 | Lair:6   | Reached skill level 1 in Charms
 19698 | Lair:7   | Reached skill level 5 in Charms
 19862 | Lair:7   | Reached XP level 14. HP: 69/85 MP: 28/28
 19975 | Lair:7   | Identified the +2 leather armour of Inteuff {rC+}
 20421 | Lair:8   | Entered Level 8 of the Lair of Beasts
 20461 | Lair:8   | Reached skill level 20 in Hexes
 20482 | Lair:8   | Found a dark tunnel.
 20496 | Volcano  | Entered a volcano
 20950 | Volcano  | Acquired Ashenzari's fourth power
 21331 | Lair:8   | Identified the +5,+4 lajatang of Vanity {pain, rElec rPois rC+}
 24163 | D:12     | Found a shimmering altar of Xom.
 24306 | D:12     | Found Icedimp's Armour Shoppe.
 24804 | D:13     | Reached skill level 1 in Translocations
 25614 | D:14     | Found a glowing silver altar of Zin.
 26213 | D:15     | Entered Level 15 of the Dungeon
 26629 | D:15     | Found a gate to the Vaults.
 26647 | D:15     | Reached XP level 15. HP: 89/89 MP: 29/29
 27174 | D:15     | Reached skill level 21 in Hexes
 27281 | D:15     | Lost mutation: You are weak. (Str -2) [potion of beneficial mutation]
 27472 | Lair:2   | Learned a level 1 spell: Apportation
 27621 | D:16     | Entered Level 16 of the Dungeon
 27622 | D:16     | Noticed Gorice's ghost (powerful LOWn)
 27787 | D:16     | Found a staircase to the Depths.
 27951 | D:16     | Reached skill level 5 in Translocations
 28152 | D:16     | Gained mutation: You have a pair of small horns on your head. [potion of beneficial mutation]
 28168 | D:16     | Noticed Harold
 28406 | D:16     | Killed Harold
 29387 | Orc:1    | Entered Level 1 of the Orcish Mines
 29422 | Orc:1    | Found Roqopes' General Store.
 30056 | Orc:2    | Noticed Maurice
 30073 | Orc:2    | Killed Maurice
 30435 | Orc:3    | Noticed Erolcha
 30440 | Orc:3    | Killed Erolcha
 30638 | Orc:3    | Found a shimmering altar of Xom.
 30647 | Orc:3    | Found Hutuasu's Gadget Emporium.
 30876 | Orc:3    | Found a roughly hewn altar of Beogh.
 31088 | Orc:4    | Entered Level 4 of the Orcish Mines
 31091 | Orc:4    | Found Diexood's Gadget Shoppe.
 31092 | Orc:4    | Found Triyhiyd's Weapon Shop.
 31092 | Orc:4    | Noticed runewalsh's ghost (mighty OpWz)
 31094 | Orc:4    | Found Zafota's Antique Weapon Shop.
 31098 | Orc:4    | Found Yraic's Distillery.
 31117 | Orc:4    | Found a staircase to the Elven Halls.
 31152 | Orc:4    | Found a flickering gateway to a bazaar.
 31162 | Bazaar   | Entered a bazaar
 31166 | Bazaar   | Found Xugualua's Book Boutique.
 31184 | Bazaar   | Found Schoblosch's Antique Weapon Emporium.
 31201 | Bazaar   | Found Cratinlu's Magic Scroll Boutique.
 31206 | Bazaar   | Bought a scroll of acquirement for 728 gold pieces
 31219 | Bazaar   | Found Irraos' Antique Armour Shoppe.
 31348 | Orc:4    | Killed runewalsh's ghost
 31348 | Orc:4    | Reached skill level 10 in Charms
 31537 | Lair:2   | Learned a level 3 spell: Regeneration
 31572 | Snake:1  | Entered Level 1 of the Snake Pit
 31905 | Snake:1  | Identified the ring of Midnight {rC+ MP+9 Str-1 Dex+4}
 32196 | Snake:2  | Noticed Lamia
 32198 | Snake:2  | Killed Lamia
 32199 | Snake:2  | SGrunt: *hides*
 32199 | Snake:2  | PolkaDot: xD
 32248 | Snake:2  | Found Nuas' Magical Wand Shop.
 32315 | Snake:2  | Found a shimmering altar of Xom.
 32343 | Snake:2  | Noticed Nikola
 32343 | Snake:2  | PolkaDot: Hey there Tedronai
 32343 | Snake:2  | Tedronai: hey
 32343 | Snake:2  | Tedronai: not the best situation :D
 32343 | Snake:2  | PolkaDot: Waiting on the kettle, then I'mma check my plan in the chat
 32343 | Snake:2  | PolkaDot: stupid Guardian Serpent recalled Nikola
 32343 | Snake:2  | PolkaDot: made things... complicated
 32343 | Snake:2  | Tedronai: do you have scroll of blinking?
 32343 | Snake:2  | Tedronai: or is the evocable blink of the sword reliable?
 32343 | Snake:2  | PolkaDot: no scrolls of blinking
 32343 | Snake:2  | PolkaDot: evoc-blink is 8%
 32343 | Snake:2  | Tedronai: mh
 32343 | Snake:2  | PolkaDot: I do have some useful wands
 32343 | Snake:2  | Tedronai: i predict that you don't survive standing there...
 32343 | Snake:2  | PolkaDot: ^
 32343 | Snake:2  | Tedronai: you'd have to get teleport out and survive until it kicks in
 32343 | Snake:2  | Tedronai: this is not gonna happen
 32343 | Snake:2  | PolkaDot: Not sure if I should heal, then tele, then see what'd be the best way to continue forward
 32343 | Snake:2  | PolkaDot: or tele, then heal if I live
 32343 | Snake:2  | Tedronai: i'm not sure you'll survive either
 32343 | Snake:2  | Tedronai: or do you have rElec?
 32343 | Snake:2  | PolkaDot: My lack of rElec has proven to be an issue on more than 1 occasion in this run
 32343 | Snake:2  | Tedronai: it's a gamble now - whatever you do :D
 32343 | Snake:2  | PolkaDot: mhmm
 32343 | Snake:2  | PolkaDot: waiting on the chat's opinion
 32343 | Snake:2  | Tedronai: i think i'd go for blink and and then fog if you got that
 32343 | Snake:2  | Tedronai: but not sure what constricted does to blink
 32343 | Snake:2  | Tedronai: might have to check that
 32343 | Snake:2  | PolkaDot: fail once
 32343 | Snake:2  | PolkaDot: succeed on the second
 32343 | Snake:2  | PolkaDot: been there, done that :p
 32344 | Snake:2  | Tedronai: what happened?
 32344 | Snake:2  | PolkaDot: blinked
 32344 | Snake:2  | PolkaDot: but so did Nikola
 32344 | Snake:2  | PolkaDot: I'mma try escaping now
 32345 | Snake:2  | Tedronai: lol
 32346 | Snake:2  | Tedronai: you don't have a resistance potion?
 32346 | Snake:2  | PolkaDot: no reisstance potions all game
 32346 | Snake:2  | Tedronai: well... then it's time to pray :D
 32347 | Snake:2  | Tedronai: :/
 32349 | Snake:2  | Tedronai: don't you have another healing potion?
 32349 | Snake:2  | PolkaDot: nope
 32350 | Snake:2  | Tedronai: :)
 32361 | Snake:2  | Tedronai: now run! run for your life and never come back :D
 32380 | Snake:1  | PolkaDot: Well,
 32380 | Snake:1  | PolkaDot: not never
 32380 | Snake:1  | PolkaDot: :p
 32380 | Snake:1  | Tedronai: get abyss rune instead :D
 32380 | Snake:1  | PolkaDot: ...
 32380 | Snake:1  | PolkaDot: lol, you're crazier than me xP
 32409 | Lair:3   | Tedronai: or go straight for the hells
 32444 | Lair:2   | PolkaDot: No
 32444 | Lair:2   | PolkaDot: shush :p
 32444 | Lair:2   | Tedronai: the only alternative is pan ...
 32447 | Lair:2   | PolkaDot: Shoals?
 32447 | Lair:2   | Tedronai: slime!
 32447 | Lair:2   | PolkaDot: oh by the pantheon no
 32447 | Lair:2   | Tedronai: no i would go shoals
 32447 | Lair:2   | PolkaDot: :3
 32447 | Lair:2   | Tedronai: or dungeon if not cleared up to 16
 32449 | Lair:2   | PolkaDot: Yeah I've done the dungeon
 32449 | Lair:2   | Tedronai: then it's shoals
 32450 | Lair:2   | Tedronai: or elf :D
 32450 | Lair:2   | PolkaDot: 1-2 wouldn't be bad
 32450 | Lair:2   | Tedronai: won't get anything there though
 32450 | Lair:2   | PolkaDot: except it's in Orc:4
 32450 | Lair:2   | PolkaDot: which isn't cleared
 32450 | Lair:2   | PolkaDot: and I want things back to sleeping
 32450 | Lair:2   | PolkaDot: there was... a difficult moment
 32450 | Lair:2   | Tedronai: the shops could be worth it
 32457 | Lair:2   | Tedronai: there is no way that orc:4 is worse than shoals:5
 32457 | Lair:2   | PolkaDot: I don't plan on doing Shoals:5 before Orc:4
 32457 | Lair:2   | PolkaDot: I plan on doing Shoals:4 before Orc:4 :p
 32457 | Lair:2   | PolkaDot: and then dancing through Orc:4, experimenting a little as I do
 32457 | Lair:2   | Tedronai: or you finish snake and carefully avoid nikola :D
 32457 | Lair:2   | PolkaDot: Never used discord before, and I plan to tonight
 32457 | Lair:2   | PolkaDot: Oh, I'll get my revenge on him
 32457 | Lair:2   | PolkaDot: But later :3
 32460 | Lair:2   | Tedronai: and then he never found rElec :D
 32461 | Lair:2   | PolkaDot: Nooo
 32461 | Lair:2   | PolkaDot: you've jinxed it xP
 32533 | Lair:2   | Tedronai: i'll leave you now, good luck on getting your revenge ;)
 32533 | Lair:2   | PolkaDot: thanks
 32533 | Lair:2   | PolkaDot: enjoy o/
 32621 | Shoals:1 | Entered Level 1 of the Shoals
 32798 | Shoals:1 | Reached skill level 1 in Fighting
 33116 | Shoals:1 | Noticed a kraken
 33125 | Shoals:1 | Killed a kraken
 33125 | Shoals:1 | Reached XP level 16. HP: 96/98 MP: 29/29
 33174 | Shoals:1 | Noticed Louise
 33186 | Shoals:1 | Killed Louise
 33252 | Shoals:1 | Noticed Aizul
 34026 | Shoals:2 | Noticed Frances
 34071 | Shoals:2 | Killed Frances
 34898 | Shoals:2 | Noticed Polyphemus
 34909 | Shoals:2 | Killed Polyphemus
 35013 | Shoals:2 | Reached skill level 22 in Hexes
 36166 | Shoals:3 | Reached skill level 5 in Fighting
 37372 | Shoals:5 | Entered Level 5 of the Shoals
 37853 | Shoals:5 | Noticed Ilsuiw
 37875 | Shoals:5 | Killed Ilsuiw
 38102 | Shoals:5 | Got a barnacled rune of Zot
 38315 | Shoals:5 | Identified the amulet "Xurifove" {Faith rC+ Dex+1}
 38529 | Shoals:5 | Reached XP level 17. HP: 95/116 MP: 27/30
 39249 | Shoals:1 | Killed Aizul
 39763 | D:8      | Bought a book of Dreams for 1050 gold pieces
 39763 | D:8      | Bought a book of Enchantments for 700 gold pieces
 41140 | Elf:1    | Entered Level 1 of the Elven Halls
 41527 | Elf:1    | Reached skill level 1 in Shields
 41559 | Elf:1    | Noticed wojtek's ghost (mighty MiFi)
 41847 | Elf:1    | Killed wojtek's ghost
 41891 | Elf:1    | Noticed Kirke
 42027 | Elf:1    | Killed Kirke
 42673 | Elf:1    | Found a radiant altar of Vehumet.
 42960 | Elf:2    | Reached skill level 5 in Shields
 42960 | Elf:2    | Reached XP level 18. HP: 125/127 MP: 32/32
 43049 | Elf:2    | Found Datiso Getu's Antique Weapon Shoppe.
 43655 | Elf:3    | Entered Level 3 of the Elven Halls
 43663 | Elf:3    | Learned a level 5 spell: Silence
 43771 | Elf:3    | Found a burning altar of Makhleb.
 45108 | Elf:3    | Identified the ring of Hoomu {rF+ Str+1 Int+2} (You took it off a deep elf annihilator on level 3 of the Elven Halls)
 45234 | Elf:3    | Identified the ring of Phown {+Fly rF+ Dex+2} (You took it off a deep elf mage on level 3 of the Elven Halls)
 45596 | Elf:3    | Identified the ring "Tefaruib" {MP+9 Str+1} (You took it off a deep elf sorcerer on level 3 of the Elven Halls)
 47323 | Elf:3    | Reached XP level 19. HP: 134/134 MP: 34/35
 47959 | Elf:3    | Reached skill level 10 in Spellcasting
 48303 | Elf:3    | Identified the +5 chain mail "Taibbil" {SInv} (You took it off a deep elf master archer on level 3 of the Elven Halls)
 48316 | Elf:3    | Identified the Compendium of Twisted Enhancements
 48337 | Elf:3    | Learned a level 6 spell: Haste
 48471 | Elf:3    | Identified Cicent's Disquisition on Ashen Transmigration (You found it on level 3 of the Elven Halls)
 48474 | Elf:3    | Identified Ynkutu Muci's Collected Works on the Supportive Mountains (You found it on level 3 of the Elven Halls)
 49673 | Snake:2  | Killed Nikola
 49794 | Snake:2  | Noticed Nessos
 49797 | Snake:2  | Killed Nessos
 50003 | Snake:2  | Noticed Donald
 50034 | Snake:2  | Killed Donald
 51290 | Snake:3  | Noticed Azrael
 51292 | Snake:3  | Killed Azrael
 51306 | Snake:3  | Chiseanne: nice stabbing :)
 51310 | Snake:3  | PolkaDot: :)
 51369 | Snake:3  | Found Scha Tulu's Magical Wand Boutique.
 51382 | Snake:3  | Chiseanne: night and good luck
 51749 | Snake:3  | Reached skill level 1 in Necromancy
 52312 | Snake:4  | Reached skill level 23 in Hexes
 53997 | Snake:5  | Entered Level 5 of the Snake Pit
 54498 | Snake:5  | Reached skill level 10 in Short Blades
 54726 | Snake:5  | Reached skill level 5 in Necromancy
 54952 | Snake:5  | Reached skill level 1 in Ice Magic
 55963 | Snake:5  | Got a serpentine rune of Zot
 56309 | Snake:5  | Reached XP level 20. HP: 119/141 MP: 36/36
 56753 | D:8      | Bought a manual of Ice Magic for 1545 gold pieces
 56914 | Lair:2   | Identified the cursed +6,+11 demon blade "Kuerr" {slice, rF++ rN+} (You acquired it on level 2 of the Lair of Beasts)
 57045 | Vaults:1 | Entered Level 1 of the Vaults
 57252 | Vaults:1 | Found Bojoo's Antique Armour Boutique.
 57528 | Vaults:1 | Reached skill level 10 in Dodging
 57634 | Vaults:1 | Reached skill level 5 in Ice Magic
 57961 | Vaults:1 | Identified the +0 large shield "Truan" {+Blink Stlth} (You took it off Louise on level 1 of the Shoals)
 59200 | Vaults:2 | Noticed Rupert
 59208 | Vaults:2 | Killed Rupert
 60337 | Vaults:2 | Identified a +4 rod of frigid destruction (14/14)
 61040 | Vaults:2 | Reached skill level 10 in Ice Magic
 61582 | Vaults:3 | Found a gateway to a bazaar.
 61592 | Bazaar   | Entered a bazaar
 61592 | Bazaar   | Found Kuhaddoq's Magical Wand Emporium.
 61592 | Bazaar   | Found Sause's Armour Emporium.
 61592 | Bazaar   | Found Phuboadgh's Antique Weapon Shoppe.
 61593 | Bazaar   | Found Caeviuw's Food Shoppe.
 61611 | Bazaar   | Bought a +0 pair of boots of flying for 70 gold pieces
 61972 | Vaults:3 | Found a staircase to the Hall of Blades.
 62216 | Vaults:3 | Found an ancient bone altar of Kikubaaqudgha.
 62216 | Vaults:3 | Found a staircase to the Crypt.
 62216 | Vaults:3 | Found a basalt altar of Yredelemnul.
 62715 | Vaults:3 | Identified the +1 blowgun of Xacwuwuv {speed, Int+3}
 63068 | Vaults:4 | Noticed Wiglaf
 63073 | Vaults:4 | Killed Wiglaf
 63121 | Vaults:4 | Gained mutation: You occasionally shout uncontrollably. [mutagenic glow]
 63565 | Vaults:4 | Lost mutation: You have a pair of small horns on your head. [potion of cure mutation]
 63639 | Vaults:4 | Identified the cursed +0 pair of gloves of Night {rC+ Dex+3}
 63760 | Vaults:4 | Noticed Margery
 64123 | Vaults:4 | Reached XP level 21. HP: 147/147 MP: 37/37
 66007 | Vaults:4 | Killed Margery
 66398 | Vaults:5 | Entered Level 5 of the Vaults
 66806 | Lair:2   | Learned a level 3 spell: Passwall
 67060 | D:16     | Killed Gorice's ghost
 67370 | Depths:1 | Entered Level 1 of the Depths
 67753 | Depths:1 | Reached skill level 1 in Transmutations
 68775 | Depths:1 | Found a gateway to Hell.
 68797 | Depths:1 | Reached skill level 5 in Transmutations
 69541 | Depths:2 | Paralysed by a giant eyeball for 4 turns
 69693 | Depths:2 | Upgraded the game from 0.14-a0-1192-g192f278 to 0.14-a0-1254-g249fea6
 69840 | Depths:2 | Paralysed by an ogre mage for 2 turns
 69923 | Depths:2 | Identified the +9,+4 scythe "Clayt" {venom, Int+3}
 69923 | Depths:2 | Identified a +8 rod of inaccuracy (12/12)
 70537 | Depths:2 | Identified a +6 rod of striking (8/8)
 70996 | Depths:2 | Reached skill level 24 in Stealth
 71505 | Depths:2 | Noticed Maud
 71506 | Depths:2 | Identified the +1 leather armour "Twi Hoiw" {+Rage Acc-1}
 71536 | Depths:2 | Killed Maud
 72230 | Depths:2 | Found a one-way gate to the infinite horrors of the Abyss.
 72233 | Depths:2 | Identified the +6,+8 falchion of Internal Strife {slice, rN+}
 72242 | Depths:2 | Identified the cursed +6 chain mail "Jusm" {rC+ Int-1 SInv}
 72542 | Depths:3 | Identified the ring "Raxiwism" {Wiz rC+}
 72973 | Depths:3 | Found a one-way gate leading to the halls of Pandemonium.
 72995 | Depths:3 | Reached XP level 22. HP: 89/157 MP: 34/38
 73450 | Depths:3 | Noticed Jorgrun
 73457 | Depths:3 | Killed Jorgrun
 74769 | Depths:4 | Found a magical portal.
 74775 | WizLab   | Entered a wizard's laboratory
 74777 | WizLab   | Found a corrupted altar of Lugonu.
 74778 | WizLab   | Identified the cursed -3 cloak of Crawling {Str-3}
 74778 | WizLab   | Identified the -3 cloak of Geoh {rPois MR++ Str+3 Int+2 SInv}
 74851 | WizLab   | Found a corrupted altar of Lugonu.
 75346 | WizLab   | Identified the cursed +1 cloak of Amorality {rElec Dam-2}
 75385 | WizLab   | Identified Goisehi's Incunabulum of Orientation (You found it in a wizard's laboratory)
 77959 | Depths:5 | Identified the +7,+2 trident "Ruttofinn" {antimagic, +Inv rF+ Str+1}
 78187 | Depths:6 | Entered Level 6 of the Depths
 78501 | Depths:6 | Reached XP level 23. HP: 153/163 MP: 19/39
 80352 | Blade    | Entered the Hall of Blades
 80359 | Blade    | Noticed Agnes
 80400 | Blade    | Killed Agnes
 80738 | Blade    | Noticed Frederick
 80739 | Blade    | Killed Frederick
 81920 | Slime:1  | Entered Level 1 of the Pits of Slime
 82396 | Slime:4  | Found a glowing golden altar of the Shining One.
 82429 | Slime:6  | Entered Level 6 of the Pits of Slime
 82655 | Slime:6  | Found a viscous altar of Jiyva.
 82658 | Slime:6  | Noticed the royal jelly
 82894 | Lair:2   | Learned a level 4 spell: Dig
 83139 | Orc:3    | PolkaDot: I've lost the messages, will have to restart... Java script went... Odd >.>
 83558 | Depths:5 | Reached skill level 1 in Earth Magic
 83607 | Depths:5 | Found Stan's Special Sausages.
 83637 | Depths:5 | Found Beb Enib's Miraculous Elixirs.
 83686 | Depths:5 | Reached skill level 15 in Charms
 83690 | Depths:5 | Found The Legendary Gaesiuv's Legendary Smithy.
 83720 | Depths:5 | Found Ymunanaat's Slaves and Accessories.
 83880 | Depths:6 | PolkaDot: I have to cook... bbl \o
 84021 | Depths:1 | Reached skill level 15 in Dodging
 84304 | Crypt:1  | Entered Level 1 of the Crypt
 84609 | Crypt:1  | Noticed a greater mummy
 84614 | Crypt:1  | Noticed Khufu
 84649 | Crypt:1  | Noticed a greater mummy
 85236 | Crypt:2  | Reached skill level 10 in Fighting
 85575 | Crypt:2  | Found a staircase to the Tomb.
 85832 | Crypt:2  | Noticed Mennas
 86705 | Crypt:3  | Noticed Xtahua
 86888 | Crypt:3  | Killed Xtahua
 87423 | Crypt:3  | Reached XP level 24. HP: 68/172 MP: 41/41
 87643 | Crypt:3  | Noticed Sojobo
 87646 | Crypt:3  | Killed Sojobo
 88822 | Crypt:4  | Killed from afar by a revenant

Action                   |  1- 3 |  4- 6 |  7- 9 | 10-12 | 13-15 | 16-18 | 19-21 | 22-24 || total
-------------------------+-------+-------+-------+-------+-------+-------+-------+-------++-------
Melee: Dagger            |    70 |   260 |   555 |  1041 |   331 |       |       |       ||  2257
       Spear             |    52 |       |       |       |       |       |       |       ||    52
       Short sword       |       |       |       |       |  1169 |   717 |  1305 |       ||  3191
       Quick blade       |       |       |       |       |       |       |  1544 |  1931 ||  3475
Throw: Dart              |       |       |     2 |       |       |       |       |       ||     2
 Cast: Confuse           |     2 |    23 |    50 |    14 |    32 |    31 |    50 |    51 ||   253
       Invisibility      |       |       |     6 |    25 |    60 |    22 |    51 |    21 ||   185
       Ensorcelled Hiber |       |       |    12 |   136 |   108 |   103 |    67 |    43 ||   469
       Flight            |       |       |       |       |    26 |   101 |    37 |       ||   164
       Enslavement       |       |       |       |       |     2 |    18 |    93 |   131 ||   244
       Blink             |       |       |       |       |     2 |     5 |     9 |     5 ||    21
       Sure Blade        |       |       |       |       |     2 |    54 |    57 |    22 ||   135
       Regeneration      |       |       |       |       |     1 |    34 |    75 |    49 ||   159
       Corona            |       |       |       |       |       |    17 |     3 |     9 ||    29
       Apportation       |       |       |       |       |       |     1 |       |     1 ||     2
       Silence           |       |       |       |       |       |    19 |    32 |     4 ||    55
       Haste             |       |       |       |       |       |       |    27 |    12 ||    39
       Passwall          |       |       |       |       |       |       |     7 |    13 ||    20
       Dig               |       |       |       |       |       |       |       |     2 ||     2
Invok: Scrying           |       |       |       |       |       |       |       |     1 ||     1
 Abil: Bottle Blood      |       |       |       |       |     2 |       |     2 |     8 ||    12
       Evoke Blink       |       |       |       |       |     4 |       |     2 |       ||     6
       Spit Poison       |       |       |       |       |     1 |       |     1 |       ||     2
       Evoke Flight      |       |       |       |       |       |       |     1 |       ||     1
       Stop Flying       |       |       |       |       |       |       |       |     1 ||     1
Evoke: Wand              |       |     2 |     1 |     4 |    12 |    17 |    17 |     5 ||    58
  Use: Potion            |     3 |       |     1 |     6 |     5 |     1 |    13 |    14 ||    43
       Scroll            |     1 |    13 |     7 |    10 |    20 |     8 |    31 |    14 ||   104
 Stab: Sleeping          |     3 |     9 |    55 |   202 |   311 |   185 |   258 |   209 ||  1232
       Invisible         |     2 |       |    18 |    62 |   129 |    43 |   156 |    54 ||   464
       Confused          |     1 |     9 |    30 |     3 |    11 |     1 |    16 |    24 ||    95
       Distracted        |       |     1 |       |     4 |     8 |    11 |    35 |    19 ||    78
       Paralysed         |       |       |       |       |       |     4 |       |       ||     4
       Betrayed ally     |       |       |       |       |       |       |     4 |    22 ||    26
